Unix NetHack Version 3.7.0-94 Work-in-progress - last build Dec 18 2023 00:11:04 (7e3deff068b9ef4f2ebb9a71ea0f5c4a3b578a14,branch:master). Game began 2024-01-01 17:12:31, ended 2024-01-01 17:14:26. Arasaka, chaotic female orcish Rogue ------|----- ----- |...........###%#..>.| |..........| |^..| |..........| |...-# |......<...-# --|--## --.---------# # # # # # # ----------- # # # # |.[[[[[))[| ### # ##### # ####-@m[[[[[)[| -----.--- # # # ## |...| ## |@[[[[[[[[| |....^..| # ## # ####.....######### ----------- |.....).-## #-.------ |...| |.......| #|......| --------- #|......| #-......| |.{....| |....>.| ----.--- # Arasaka the Footpad St:12 Dx:16 Co:15 In:11 Wi:13 Ch:8 Chaotic Dlvl:2 $:25 HP:0(11) Pw:2(2) AC:7 Xp:1/19 T:527 Latest messages: You miss the lichen. The lichen touches you! You hit the lichen. You miss the lichen. You miss the lichen. You kill the lichen! $ - 7 gold pieces (25 in total). You see here a crossbow. You don't find anything here to loot. That door is closed. That door is closed. The door opens. Where do you want to travel to? (For instructions type a '?') The grid bug suddenly falls asleep! You kill the grid bug! You kill the grid bug! A cloud of gas puts you to sleep! You wake up. You don't find anything here to loot. You don't find anything here to loot. You don't find anything here to loot. The door resists! The door opens. The lichen touches you! You miss the lichen. You kill the lichen! You see here a lichen corpse. There is a lichen corpse here; eat it? [ynq] (n) This lichen corpse tastes terrible! You finish eating the lichen corpse. The door opens. You find a hidden door. The door opens. You hear a slow drip. The door opens. You kill the lichen! You see here a lichen corpse. There is a lichen corpse here; eat it? [ynq] (n) This lichen corpse tastes okay. You finish eating the lichen corpse. "Hello, Arasaka! Welcome to Birecik's used armor dealership!" "Will you please leave your pick-axe outside?" What do you want to use or apply? [eglnz or ?*] You put a pick-axe into the sack. Wait! That's a giant mimic! The giant mimic hits! The giant mimic hits again! You die... Birecik gratefully inherits all your possessions. Inventory: Coins ('$') $ - 25 gold pieces Weapons (')') b - 15 uncursed +0 orcish daggers (alternate weapons; not wielded) a - an uncursed +0 orcish short sword (weapon in right hand) Armor ('[') c - an uncursed +1 leather armor (being worn) Comestibles ('%') m - an uncursed taco q - an uncursed cram ration h - an uncursed food ration o - 2 uncursed lembas wafers i - an uncursed egg Potions ('!') p - an uncursed potion of gain energy d - an uncursed potion of sickness Rings ('=') j - an uncursed ring of sustain ability Tools ('(') l - an empty uncursed sack z - an uncursed sack containing 1 item g - an uncursed blindfold e - an uncursed lock pick Contents of the sack: an uncursed +0 pick-axe Arasaka the Rogue's attributes: Background: You were a Footpad, a level 1 female orcish Rogue. You were chaotic, on a mission for Kos who was opposed by Issek (lawful) and Mog (neutral). You were right-handed. You were in the Dungeons of Doom, on level 2. You entered the dungeon 527 turns ago. You had 19 experience points, 1 more was needed to attain level 2. Basics: You had 0 out of 11 hit points. You had both energy points (spell power). Your armor class was 7. Your wallet contained 25 zorkmids. Autopickup was on for '$"?' plus thrown, with exceptions. Final Characteristics: Your strength was 12 (limit:18/50). Your dexterity was 16 (limit:18). Your constitution was 15 (limit:18). Your intelligence was 11 (limit:16). Your wisdom was 13 (limit:16). Your charisma was 8 (limit:16). Final Status: You were held by a giant mimic (east). You weren't hungry. You were unencumbered. You were wielding a short sword. You had basic skill with short sword. Final Attributes: You were fervently aligned. You were poison resistant. You had infravision. You were stealthy. You were warded. You are dead. Miscellaneous: You disabled loading of bones levels. Total elapsed playing time was 1 minute and 55 seconds. Major events: Turn 1: Arasaka the chaotic female orcish Rogue entered the dungeon 237: entered the Gnomish Mines 527: killed by a giant mimic Vanquished creatures: a jackal 2 grid bugs 5 lichens a kobold zombie a newt 10 creatures vanquished. No species were genocided or became extinct. Voluntary challenges: You were an atheist. You read items or engraved 1 time. You never engraved Elbereth. You never genocided any monsters. You never polymorphed an object. You never changed form. You used no wishes. Achievements: You entered the Gnomish Mines. You entered a shop. The Dungeons of Doom: levels 1 to 3 Level 1: A fountain. Level 2: <- You were here. An armor shop, a sink. Stairs down to The Gnomish Mines. Final resting place for you, killed by a giant mimic. Level 3: The Gnomish Mines: Level 3: Game over: ---------- / \ / REST \ / IN \ / PEACE \ / \ | Arasaka | | 25 Au | | killed by a | | giant mimic | | | | | | 2024 | *| * * * | * _________)/\\_//(\/(/\)/\//\/|_)_______ Goodbye Arasaka the Rogue... You died in The Dungeons of Doom on dungeon level 2 with 199 points, and 25 pieces of gold, after 527 moves. You were level 1 with a maximum of 11 hit points when you died.